 Dungeon Crawl Stone Soup version 0.27-a0-594-g2aaa8dbbc2 (webtiles) character file.

Game seed: 15771819215509512739

294 poo4u the Cutter (level 6, -2/48 HPs)
             Began as a Draconian Transmuter on Mar 11, 2021.
             Slain by Sickboy's ghost (3 damage)
             ... on level 4 of the Dungeon.
             The game lasted 00:48:44 (4092 turns).

poo4u the Cutter (Draconian Transmuter)             Turns: 4092, Time: 00:48:48

Health: -2/48      AC:  6    Str: 14    XL:     6   Next: 11%
Magic:  9/9        EV: 12    Int: 15    God:
Gold:   206        SH:  0    Dex: 12    Spells: 9/10 levels left

rFire    + . .     SeeInvis .   k - +1 short sword (vamp)
rCold    . . .     Faith    .   (no shield)
rNeg     . . .     Spirit   .   (armour unavailable)
rPois    .         Reflect  .   (helmet restricted)
rElec    .         Harm     .   (no cloak)
rCorr    .         Rampage  .   (no gloves)
Will     .....                  (no boots)
Stlth    ++........             e - amulet of magic regeneration
HPRegen  0.16/turn              n - ring of protection from fire
MPRegen  0.36/turn              v - +4 ring of slaying

@: lethally poisoned (-2 -> -2)
A: unfitting armour, clever 1, cold-blooded, AC +6
a: no special abilities


You were on level 4 of the Dungeon.
You visited 1 branch of the dungeon, and saw 4 of its levels.

You collected 206 gold pieces.

Inventory:

Hand Weapons
 b - a +0 whip
 f - a +0 short sword
 h - a +0 broad axe
 k - a +1 vampiric short sword (weapon)
Missiles
 c - 123 stones
 i - 63 arrows
 l - 26 sling bullets
 r - 10 poisoned darts
 w - 10 boomerangs
 y - 2 large rocks
Armour
 a - a +0 ring mail
 j - a +0 leather armour
Jewellery
 e - an amulet of magic regeneration (around neck)
 n - a ring of protection from fire (right hand)
 s - a ring of fire
 v - a +4 ring of slaying (left hand)
Wands
 q - a wand of flame (17)
Scrolls
 m - 4 scrolls of identify
 o - 2 scrolls of teleportation
 t - a scroll of random uselessness {unknown}
 u - a scroll of enchant weapon {unknown}
Potions
 d - a potion of berserk rage
 g - a potion of heal wounds {unknown}
 p - a potion of magic {unknown}
 x - a potion of brilliance {unknown}


   Skills:
 + Level 2.2 Fighting
 + Level 3.5 Short Blades
 + Level 0.2(0.5) Axes
 + Level 0.8(0.9) Maces & Flails
 + Level 3.0 Dodging
 + Level 1.2 Stealth
 + Level 3.3 Unarmed Combat
 + Level 2.6 Spellcasting
 + Level 2.3 Transmutations


You had 9 spell levels left.
You knew the following spells:

 Your Spells              Type           Power      Damage    Failure   Level
a - Beastly Appendage     Tmut           18%        N/A       8%          1

Your spell library contained the following spells:

 Spells                   Type           Power      Damage    Failure   Level
 Wereblood                Tmut           9%         N/A       12%         2
 Spider Form              Tmut/Pois      2%         N/A       36%         3
 Ice Form                 Ice/Tmut       5%         N/A       77%         4
 Blade Hands              Tmut           4%         N/A       91%         5


Dungeon Overview and Level Annotations

Branches:
Dungeon (4/15)
 Temple: D:4-7

Altars:

Annotations:
D:4 Sickboy's ghost, amateur MiFi


Innate Abilities, Weirdness & Mutations

Your plain brown scales are hard. (AC +6)
You cannot fit into any form of body armour.
You are cold-blooded and may be slowed by cold attacks.
Your mind is acute. (Int +2)


Message History

You feel agile.
Your scales feel tougher.
You feel sick.
You feel sick.
You feel sick.
You feel sick.
You feel sick.
You feel sick.
Sickboy's ghost keens inconsolably.
You feel sick.
You open the door.
You hit Sickboy's ghost but do no damage.
You feel sick.
You hit Sickboy's ghost but do no damage.
Sickboy's ghost barely misses you.
You hit Sickboy's ghost.
Sickboy's ghost is lightly damaged.
You feel sick. Sickboy's ghost hits you!
* * * LOW HITPOINT WARNING * * *
* * * LOW HITPOINT WARNING * * *
You feel sick.
* * * LOW HITPOINT WARNING * * *
You feel sick.
You see here a giant cockroach corpse.
* * * LOW HITPOINT WARNING * * *
You feel sick.
* * * LOW HITPOINT WARNING * * *
You feel sick.
There is a stone staircase leading down here.
(D) Dungeon
Where to? (Enter - D:4 @ (x,y), ? - help)
What level of the Dungeon? (default 1, ? - help) Sickboy's ghost is nearby!
Aiming: Throw Flame
Press: ? - help, Shift-Dir - straight line, f - Sickboy's ghost
Aim: Sickboy's ghost (lightly damaged, 19% to evade)
The puff of flame hits Sickboy's ghost.
Sickboy's ghost is lightly damaged.
* * * LOW HITPOINT WARNING * * *
You feel sick. Sickboy's ghost hits you.
You die...

### ##.....######
...##....#.##...# ..
###.#...#........# ..
.......#........# . #
#.....#.......# #
#.#......†.....†# ##
...#...............########.
...#.....................#..
.....###...@.†...........#..
#...##⌠##..W..##............
#..##...##..####.######.....
#.##..!..##.# #.######.....
#.'...♣..⌠#.# #......†.....
#.##..!..##.# #.###.#######
#..##...##..# #. ..
##..##⌠##..## ..#
##..###†.## .


You could see Sickboy's ghost.

Vanquished Creatures
  A water moccasin (D:4)
  A hound (D:4)
  A bullfrog skeleton (D:4)
  An iguana (D:4)
  4 adders
  2 worms
  5 giant cockroaches
  2 goblins
  7 hobgoblins
  12 jackals
  4 kobolds
  2 quokkas (D:2)
  7 bats
  3 frilled lizards
  10 rats
62 creatures vanquished.

Notes
Turn   | Place    | Note
-------+----------+-------------------------------------------
     0 | D:1      | poo4u the Draconian Transmuter began the quest for the Orb.
     0 | D:1      | Reached XP level 1. HP: 16/16 MP: 3/3
   362 | D:1      | Gained mutation: Your tail ends in a poisonous barb.
                  | [potion of mutation]
   362 | D:1      | Gained mutation: Your mind is acute. (Int +2) [potion of
                  | mutation]
   412 | D:1      | Reached XP level 2. HP: 21/23 MP: 5/5
  1548 | D:2      | Reached XP level 3. HP: 24/28 MP: 6/6
  2046 | D:2      | HP: 1/28 [poisoned by an adder]
  3061 | D:3      | Reached skill level 1 in Short Blades
  3069 | D:3      | Reached XP level 4. HP: 31/35 MP: 7/7
  3111 | D:3      | Found a glowing drain.
  3941 | D:4      | Lost mutation: Your mind is acute. (Int +2) [potion of
                  | mutation]
  3941 | D:4      | Lost mutation: Your tail ends in a poisonous barb. [potion
                  | of mutation]
  3941 | D:4      | Gained mutation: You are frail. (-10% HP) [potion of
                  | mutation]
  3941 | D:4      | Lost mutation: You are frail. (-10% HP) [potion of
                  | mutation]
  3941 | D:4      | Gained mutation: Your mind is acute. (Int +2) [potion of
                  | mutation]
  3996 | D:4      | Reached XP level 5. HP: 38/41 MP: 8/8
  4002 | D:4      | Noticed Sickboy's ghost (amateur MiFi)
  4011 | D:4      | Reached skill level 1 in Stealth
  4013 | D:4      | Found a runed translucent door.
  4051 | D:4      | Noticed a water moccasin
  4064 | D:4      | Killed a water moccasin
  4065 | D:4      | Reached XP level 6. HP: 25/48 MP: 9/9
  4084 | D:4      | HP: 2/48 [poisoned by a water moccasin]
  4092 | D:4      | HP: 1/48 [poisoned by a water moccasin]
  4092 | D:4      | Slain by Sickboy's ghost

Illustrated notes

Levels and vault maps discovered:
D:1:      lightli_arrival_statue_moat, layout_basic, chequers_garden,
          chequers_serial_rivers_micro_e, hex_large
D:2:      layout_loops_ring, hangedman_decor_clover_reticule
D:3:      layout_basic, gup_sewer_entry_glass
D:4:      minmay_door_path, layout_basic, temple_hall,
          hellmonk_ghost_happy_afterlife

Skill      XL: |  1  2  3  4  5 |
---------------+----------------+-----
Dodging        | 2 3 |  3.0
Short Blades   | 1 2 3 |  3.5
Stealth        | 1 |  1.2
Fighting       | 2 |  2.2
Axes           | |  0.2
Maces & Flails | |  0.8
Unarmed Combat | |  3.3
Spellcasting   | |  2.6
Transmutations | |  2.3

Action                   |  1- 3 |  4- 6 || total
-------------------------+-------+-------++-------
Melee: Whip              |    34 |       ||    34
       Unarmed           |    11 |       ||    11
       Tailslap          |    13 |     4 ||    17
       Punch             |     4 |     1 ||     5
       Short sword       |    94 |    61 ||   155
       Kick              |     3 |     1 ||     4
       Broad axe         |     9 |       ||     9
 Cast: Beastly Appendage |    12 |     3 ||    15
Evoke: Wand              |       |     1 ||     1
  Use: Potion            |     6 |     1 ||     7
       Scroll            |     4 |       ||     4
 Stab: Sleeping          |     1 |     1 ||     2
       Distracted        |     1 |       ||     1
Armor: Skin              |    57 |    15 ||    72
Dodge: Dodged            |   150 |    34 ||   184

Table legend: (Time is in decaauts)
 A = Elapsed time spent in this place.
 B = Non-inter-level travel time spent in this place.
 C = Inter-level travel time spent in this place.
 D = Time resting spent in this place.
 E = Time spent auto-exploring this place.
 F = Levels seen in this place.
 G = Mean time per level.
                   A        B        C        D        E       F      G
               +--------+--------+--------+--------+--------+-----+--------+
         Total |   4087 |   2078 |   2009 |      8 |   1470 |   4 | 1021.8 |
       Dungeon |   4087 |   2078 |   2009 |      8 |   1470 |   4 | 1021.8 |
               +--------+--------+--------+--------+--------+-----+--------+

Top non-repeatable levels by time:
     D:2: 1541 daAuts
     D:1: 1456 daAuts
     D:3: 935 daAuts
     D:4: 153 daAuts
